 Dungeon Crawl Stone Soup version 0.21-a0-498-g1b60429 (webtiles) character file.

85 DogShitOnMyToe the Conjurer (level 4, -1/24 HPs)
             Began as a Deep Elf Fire Elementalist on Nov 24, 2017.
             Killed by nerve-wracking pain
             ... invoked by an orc priest
              (7 damage)
             ... on level 2 of the Dungeon.
             The game lasted 00:04:41 (2081 turns).

DogShitOnMyToe the Conjurer (DEFE)                  Turns: 2081, Time: 00:04:41

Health: -1/24      AC:  2    Str:  5    XL:     4   Next: 25%
Magic:  7/10       EV: 13    Int: 21    God:
Gold:   42         SH:  0    Dex: 15    Spells: 8/9 levels left

rFire    . . .     SeeInvis .   (no weapon)
rCold    . . .     Gourm    .   (no shield)
rNeg     . . .     Faith    .   a - +0 robe
rPois    .         Spirit   .   (no helmet)
rElec    .         Reflect  .   (no cloak)
rCorr    .         Harm     .   (no gloves)
MR       .....                  (no boots)
Stlth    ++........             (no amulet)
HPRegen  0.08/turn              m - ring of wizardry
MPRegen  0.12/turn              (no ring)

@: no status effects
A: no striking features
a: no special abilities


You were on level 2 of the Dungeon.
You were not hungry.

You visited 1 branch of the dungeon, and saw 2 of its levels.

You collected 42 gold pieces.

Inventory:

Missiles
 e - 8 javelins of returning (quivered)
Armour
 a - a +0 robe (worn)
 p - a +0 helmet
Jewellery
 m - a ring of wizardry (left hand)
Scrolls
 g - 3 scrolls of teleportation {unknown}
 i - a scroll of identify {unknown}
 k - a scroll of fog {unknown}
 l - a scroll of blinking {unknown}
 q - a scroll of noise {unknown}
Potions
 d - a potion of lignification {unknown}
 f - 2 potions of curing {unknown}
 h - a potion of haste {unknown}
 j - 2 potions of heal wounds {unknown}
 o - a potion of mutation {unknown}
Books
 b - a book of Flames

   Spells                             Type                      Level
   a - Flame Tongue                   Conjuration/Fire             1
   b - Throw Flame                    Conjuration/Fire             2
   c - Conjure Flame                  Conjuration/Fire             3
   d - Inner Flame                    Hexes/Fire                   3
   e - Sticky Flame                   Conjuration/Fire             4
   f - Fireball                       Conjuration/Fire             5
Comestibles
 c - 4 bread rations


   Skills:
 - Level 2.4 Dodging
 - Level 2.4 Stealth
 - Level 3.0 Spellcasting
 + Level 4.6 Conjurations
 - Level 3.2 Fire Magic


You had 8 spell levels left.
You knew the following spells:

 Your Spells              Type           Power        Failure   Level  Hunger
a - Flame Tongue          Conj/Fire      ###..        1%          1    None


Dungeon Overview and Level Annotations

Branches:
Dungeon (2/15)

Altars:


Message History

The ball python closely misses you.
Casting: Flame Tongue
Confirm with . or Enter, or press ? or * to list all spells.
Aiming: Flame Tongue
Press: ? - help, Shift-Dir - straight line, f/p - orc
Aim: an orc, wielding a hand axe and wearing a scale mail (heavily wounded)
The flame tongue hits the orc.
The orc is severely wounded.
The orc priest calls upon Beogh to heal the orc.
The orc's wounds heal themselves!
The ball python misses you. The ball python closely misses you.
The orc barely misses you.
Casting: Flame Tongue
Confirm with . or Enter, or press ? or * to list all spells.
Aiming: Flame Tongue
Press: ? - help, Shift-Dir - straight line, f/p - orc
Aim: an orc, wielding a hand axe and wearing a scale mail The flame tongue hits the orc.
The orc appears unharmed.
The orc priest mumbles some strange prayers to Beogh against you.
Pain shoots through your body!
You die...

#.#...........# #...# #.#
#...#########.# #...###.#
##
#..###........####..)o...##
♣P
#..##..≈...≈.....o........+
♣P
#..#...........###.......##
♣P #..#o......)...#
###.....# #P.
##.#..o........# #.....#
#♣. #.##..≈...≈o.## #.>...#
♣. #.###...o...@# #.....#
♣P #..#########S# #.....#
#P
##...........######.....#
♣P ########...........#
#.#########.# ####.# #....#
#.######## #.#<.....#


You could see an orc priest, 2 orcs and a ball python.

Vanquished Creatures
  An adder (D:2)
  2 worms (D:2)
  2 dart slugs
  3 leopard geckos
  2 orcs (D:2)
  A bat (D:2)
  3 giant cockroaches
  10 goblins
  11 hobgoblins
  A ball python (D:2)
  5 frilled lizards
  11 kobolds
  6 rats
58 creatures vanquished.

Notes
Turn   | Place    | Note
-------+----------+-------------------------------------------
     0 | D:1      | DogShitOnMyToe the Deep Elf Fire Elementalist began the quest for the Orb.
     0 | D:1      | Reached XP level 1. HP: 10/10 MP: 6/6
    80 | D:1      | Reached skill level 2 in Conjurations
   130 | D:1      | HP: 4/10 [dart slug/slug dart (6)]
   153 | D:1      | Reached XP level 2. HP: 8/15 MP: 4/8
   487 | D:1      | Reached skill level 3 in Conjurations
   696 | D:1      | Reached XP level 3. HP: 19/19 MP: 5/9
  1253 | D:2      | Reached skill level 4 in Conjurations
  1582 | D:2      | Reached XP level 4. HP: 24/24 MP: 7/10
  2079 | D:2      | HP: 9/24 [orc priest/divine providence (15)]
  2081 | D:2      | Killed from afar by an orc priest

Vault maps used:
D:1:      dpeg_arrival_central
D:2:      cheibrodos_pilgrimage, first_bread, lexackson_kobold_supper

Skill      XL: |  1  2  3 |
---------------+----------+-----
Conjurations   | 2 3 4 |  4.6
Dodging        | |  2.4
Stealth        | |  2.4
Spellcasting   | |  3.0
Fire Magic     | |  3.2

Action                   |  1- 3 |  4- 6 || total
-------------------------+-------+-------++-------
Melee: Unarmed           |     1 |       ||     1
Throw: Javelin           |     8 |       ||     8
 Cast: Flame Tongue      |    75 |    26 ||   101
  Eat: Chunk             |     2 |     1 ||     3
Armor: Robe              |     6 |     2 ||     8
Dodge: Dodged            |    16 |     7 ||    23

Table legend:
 A = Spawn XP
 B = Non-spawn XP
 C = Spawn XP percentage of total XP
 D = Spawn monster count
 E = Non-spawn monster count
 F = Spawn count percentage of total count
 G = Total turns spent on level
                    A         B        C        D         E        F      G
               +---------+---------+-------+---------+---------+-------+---------
         Total |       0 |     122 |   0.0 |       0 |      58 |   0.0 |  2081
               +---------+---------+-------+---------+---------+-------+---------
           D:1 |       0 |      53 |   0.0 |       0 |      30 |   0.0 |  1075
           D:2 |       0 |      69 |   0.0 |       0 |      28 |   0.0 |  1006
               +---------+---------+-------+---------+---------+-------+---------
